[Event "15th Tashkent Open Agzamov 2022"]
[Site "Tashkent"]
[Date "2022.05.11"]
[Round "10.8"]
[White "Agmanov, Zhandos"]
[Black "Utegaliyev, Azamat"]
[Result "1/2-1/2"]
[ECO "B01"]
[WhiteElo "2420"]
[BlackElo "2463"]
[Annotator "TA"]
[PlyCount "67"]
[EventDate "2022.05.05"]
[EventType "swiss"]
[EventCountry "UZB"]
[SourceTitle "playchess.com"]
[Source "ChessBase"]
[SourceQuality "1"]
[TimeControl "5400+30"]

1. e4 d5 2. exd5 Qxd5 3. Nc3 Qd8 4. d4 Nf6 5. Nf3 g6 6. Bg5 {[%emt 0:00:52] B01: Scandinavian Defence.} Bg7 7. Qd2 c6 {[%emt 0:01:26] [#]} 8. O-O-O $146 ({Predecessor:} 8. Ne5 Nbd7 9. O-O-O O-O 10. Bc4 Nb6 11. Bb3 Nfd5 12. Rhe1 f6 13. Bh4 fxe5 14. dxe5 {0-1 (75) Hauge,L (2483)-Agrest,E (2574) chess24.com INT 2020}) 8... Bg4 9. Be2 Nbd7 10. h3 Bxf3 11. Bxf3 e6 {[%emt 0:04:54][%cal Be7e6,Be6d5][%mdl 32] Against d5} 12. d5 (12. g4 $14) 12... cxd5 $11 13. Nxd5 exd5 14. Qb4 $1 Bf8 (14... Ne5 $11 15. Rhe1 Qc7 16. Bxf6 (16. Bf4 Nfd7 $15) 16... Bxf6 17. Rxd5 Rd8 18. Qb5+ Kf8 19. Rxd8+ (19. Rdxe5 Bxe5 20. Qxe5 Qxe5 $17) 19... Qxd8 20. Rxe5 Bxe5 21. Qxe5 Rg8) 15. Rhe1+ $16 ({Worse is} 15. Qxb7 Rb8 16. Rhe1+ Be7 17. Qxa7 O-O 18. Bxd5 Bb4 $15) 15... Ne4 16. Qd2 $36 {[%emt 0:05:24][%mdl 2048] Black is under strong pressure. 0x0.0026dcc28fefdp-1022s more active pieces.} Be7 17. Bxe7 Qxe7 18. Qxd5 Ndf6 19. Qd4 O-O {[%emt 0:01:36] [#] ...Rfe8 is the strong threat.} 20. Bxe4 Nxe4 21. Qxe4 ({Reject} 21. Rxe4 $6 Qg5+ 22. Qe3 Qxg2 $11) 21... Qc5 22. f4 (22. Qxb7 $142 Qxf2 23. Qf3) 22... Rac8 23. c3 b5 24. Kb1 a5 25. Qe5 Qc6 26. Qd5 Qb6 27. Qd4 Qb7 28. Qe4 Qb8 29. Qe5 Qb7 30. Qd5 Qb6 31. Qd4 Qb7 32. Rd2 b4 33. cxb4 axb4 34. Qf6 {[%emt 0:16:23] Weighted Error Value: White=0.14 (very precise) /Black=0.12 (very precise)} ({White should play} 34. Red1 $14) 1/2-1/2

[Event "15th Tashkent Open Agzamov 2022"]
[Site "Tashkent"]
[Date "2022.05.11"]
[Round "10.9"]
[White "Urazayev, Arystanbek"]
[Black "Saydaliev, Saidakbar"]
[Result "1/2-1/2"]
[ECO "B51"]
[WhiteElo "2445"]
[BlackElo "2343"]
[Annotator "TA"]
[PlyCount "111"]
[EventDate "2022.05.05"]
[EventType "swiss"]
[EventCountry "UZB"]
[SourceTitle "playchess.com"]
[Source "ChessBase"]
[SourceQuality "1"]
[TimeControl "5400+30"]

1. e4 c5 2. Nf3 d6 3. Bb5+ Nd7 4. d4 cxd4 5. Nxd4 a6 6. Ba4 {[%emt 0:00:50] B51: Sicilian: Moscow Variation (3 Bb5+) without 3...Bd7.} Ngf6 7. O-O e6 (7... b5 $5 8. Bb3 Bb7 $11) 8. c4 {[%emt 0:00:09] Prevents b5.} Be7 9. Nc3 O-O 10. Qe2 {[%emt 0:01:34] [#]} Ne5 $146 ({Predecessor:} 10... Qc7 11. f4 Nb6 12. Bb3 e5 13. Nf5 Bxf5 14. exf5 Rfe8 15. g4 exf4 16. Bxf4 Bf8 {½-½ (34) Carlsen,M (2847)-Wojtaszek,R (2691) Krasnaya Polyana 2021}) 11. f4 {[%emt 0:17:45] [#]} Nxc4 12. Qxc4 {[%emt 0:04:38] aiming for Qd3.} b5 13. Ncxb5 axb5 14. Bxb5 Bb7 15. Be3 d5 16. Qb3 (16. Qe2 $11 {keeps the balance.}) 16... Nxe4 (16... dxe4 $17 {Threatens to win with ...Bc5.} 17. Bc6 Bxc6 18. Nxc6 Qd7 19. Nxe7+ Qxe7) 17. Rfc1 Bd6 18. a4 Qb8 19. g3 g5 $1 20. Rf1 gxf4 21. gxf4 Kh8 22. Qd1 $2 (22. Kh1 $15) 22... Rg8+ $2 (22... e5 $1 $19 {[%cal Re5d4] has better winning chances.} 23. fxe5 Bxe5) 23. Kh1 $17 Qd8 ({Black should try} 23... Qf8 $1 $17 24. Qh5 Qg7) 24. Qh5 (24. Bd3 $1 $11 {remains equal.}) 24... Qf6 25. Bc6 $2 ({White must play} 25. Bd3 $1 $15) 25... Rab8 $2 (25... Bxc6 26. Nxc6 Bc5 27. Bxc5 Nxc5 28. Qe5 Qxe5 29. fxe5 $15) (25... Bc5 $1 $19 26. Bxb7 Bxd4 27. Bxa8 (27. Bxd4 $2 Qxd4 28. Qe5+ Qxe5 $19) 27... Bxe3) 26. Bxb7 $11 Rxb7 (26... Bc5 $5 27. Bxd5 exd5 $11) 27. Nc6 Bc5 {[%emt 0:00:53] Against Bd4} (27... Rxb2 $2 28. Bd4 Qxd4 29. Nxd4 $18) (27... Qg7 28. Rg1 Qf8 29. Ne5 Rxg1+ 30. Rxg1 $18) 28. Bxc5 Nxc5 29. b4 $1 $36 {[%emt 0:04:57][%mdl 2048] Black is under pressure.} (29. Qe5 Qxe5 30. fxe5 Rxb2 31. Rxf7 Rgg2 $17) 29... Nd3 (29... Qg7 $2 30. Rg1 Qf6 31. Rxg8+ Kxg8 32. Rg1+ Kh8 33. Qg4 $18) (29... Qb2 $1 $14 30. Qe5+ Qxe5 31. fxe5 Rc8) 30. Qf3 $16 Qb2 31. Rab1 (31. b5 $1 $16) 31... Qc2 (31... Qa2 $11) 32. Ne5 (32. b5 $1 $16) 32... Nxf4 33. Rg1 Rxg1+ (33... Qf5 $11 34. Qc3 h5 35. Nd7+ f6 36. Rxg8+ (36. Nxf6 $2 Rbg7 $19) (36. Qxf6+ Qxf6 37. Rxg8+ Kxg8 $15) 36... Kxg8 37. Qc8+ Kh7 38. Nxf6+ Kg7 39. Rg1+ (39. Qxb7+ Kxf6 40. Re1 Qh3) 39... Ng6) 34. Rxg1 Ng6 {[%emt 0:00:10] [#]} 35. a5 $1 {[%emt 0:01:50][%cal Ba4a5,Ba5a6][%mdl 1056] White has strong compensation.} Kg7 {[%emt 0:01:10] [#]} (35... Qc7 36. a6) 36. a6 $1 Rc7 37. b5 {[%emt 0:00:31] Really sharp!} Qb2 $2 (37... Qc5) 38. Qg3 $2 (38. Qf4 $18 {and the rest is easy. And now Nxg6 would win.} Ra7 39. Nc6) 38... Rc3 $2 (38... Rc1 $16) 39. Qf4 $18 f6 40. Nxg6 (40. Nd7 Ra3 41. Qf1 Qd4 $18) (40. a7 $142 Ra3 41. Nxg6 hxg6 42. Qc7+ (42. Qb8 Qc2 $11) 42... Kh6 43. Qb8) 40... hxg6 {[%emt 0:00:02][%mdl 4096] Endgame KQR-KQR} 41. Qg4 $2 (41. Qd4 $18 Qb3 42. Qa7+ Kf8 43. Qa8+ (43. Rxg6 $2 Rc1+ 44. Qg1 Rxg1+ $19) 43... Kg7 44. Qa7+ (44. Qe8 Rg3 $18) 44... Kf8 45. Qf2 (45. Rxg6 $2 Rc1+ 46. Qg1 Rxg1+ $19)) 41... g5 $11 {[%emt 0:00:10] ...Rc2 is the strong threat. The position is equal.} 42. Qxe6 Rc2 43. Qd6 {[%emt 0:00:34] Hoping for a7.} Qxb5 44. Qe7+ Kg6 45. Qe6 Qb8 46. Rg2 Rc1+ 47. Rg1 Rc2 48. Rg2 Rc5 49. Rxg5+ {[%emt 0:00:59][%mdl 64] Decoy} Kxg5 50. Qe3+ Kh5 {[%emt 0:00:48] ( -> ...Qb1+)} 51. Qxc5 {[%emt 0:00:23] Strongly threatening a7.} Qb1+ 52. Kg2 Qa2+ 53. Kg3 Qxa6 {[%emt 0:00:24] White must now prevent ...Qd3+.} 54. Qxd5+ Kh6 55. Qf5 Qd6+ 56. Qf4+ {[%emt 0:00:18] Never resign too early!  Weighted Error Value: White=0.46/Black=0.37} 1/2-1/2

[Event "15th Tashkent Open Agzamov 2022"]
[Site "Tashkent"]
[Date "2022.05.11"]
[Round "10.10"]
[White "Manafov, Vugar"]
[Black "Abdisalimov, Abdimalik"]
[Result "1/2-1/2"]
[ECO "B25"]
[WhiteElo "2311"]
[BlackElo "2435"]
[Annotator "TA"]
[PlyCount "84"]
[EventDate "2022.05.05"]
[EventType "swiss"]
[EventCountry "UZB"]
[SourceTitle "playchess.com"]
[Source "ChessBase"]
[SourceQuality "1"]
[TimeControl "5400+30"]

1. Nf3 c5 2. g3 g6 3. Bg2 Bg7 4. O-O Nc6 5. d3 d6 6. e4 e5 7. Nc3 Nge7 8. Nd2 O-O 9. Nc4 Be6 10. Nd5 Qd7 {[%emt 0:03:16] B25: Closed Sicilian: 3 g3, lines without early Be3.} 11. Bh6 {[%emt 0:00:00] [#]} Bxd5 $146 (11... f5 {feels hotter.} 12. Bxg7 Kxg7 13. f4 fxe4 14. dxe4 exf4 15. Rxf4 Rxf4 16. gxf4 Rf8) ({Predecessor:} 11... f6 12. Bxg7 Kxg7 13. Qd2 Nd8 14. c3 Rc8 15. f4 Nxd5 16. exd5 Bf5 17. fxe5 dxe5 {1-0 (39) Ligterink,G (2400)-Van der Weide,P (2290) Leeuwarden 1976}) 12. Bxg7 Kxg7 {[%emt 0:00:06] The position is equal.} 13. exd5 Nb4 14. Ne3 f5 15. a3 Na6 16. f4 exf4 17. gxf4 Rae8 18. Qd2 Ng8 19. Rae1 Nf6 20. Re2 Nc7 21. c4 b6 22. Bf3 h6 23. Rg2 Kh7 24. Bd1 b5 25. b3 bxc4 26. bxc4 Re7 27. Kh1 Rfe8 28. Rg3 Rg8 29. Rfg1 Reg7 30. Qf2 Nce8 31. Rh3 {[%emt 0:00:00] aiming for Rg5.} Rf8 32. Ng2 g5 (32... Ng4 $2 33. Bxg4 fxg4 34. Rxh6+ $3 Kg8 35. Qh4 $18) (32... Qf7 $14) 33. fxg5 $16 Rxg5 {[%emt 0:00:00] [#]} 34. Rf1 (34. Rxh6+ $142 $3 Kxh6 35. Qf4) 34... Ng4 35. Bxg4 Rxg4 36. Nf4 Ng7 37. Re3 Rf7 (37... Re8 $14) 38. Ne6 (38. h3 $16 Rg5 39. Qh4) 38... Rg6 (38... Nxe6 $11 {is superior.} 39. Rxe6 (39. dxe6 Qb7+ 40. Qf3 Qxf3+ 41. Rfxf3 Re7 $11) 39... Qd8) 39. Nf4 {[%emt 0:00:03] White is much more active.} (39. Rg1 $14 Nxe6 40. Rxg6 Kxg6 41. Rxe6+ Rf6 42. Qg2+ Kf7 43. Re1) 39... Rg4 40. Ne6 {[%emt 0:02:29] Against Qd8} ({Better is} 40. h3 Rg5 41. Qh4) 40... Rg6 41. Nf4 Rg4 42. Rfe1 Qa4 $2 {[%emt 0:11:00][%mdl 32768] Weighted Error Value: White=0.20 (precise) /Black=0.12 (very precise) . An unexpected result.} (42... Qd8 $14) 1/2-1/2